 Dungeon Sprint DCSS version 0.21-a0-349-g0c35859 (webtiles) character file.

25792 Kidiri the Warrior (level 12, -9/130 HPs)
             Began as a Black Draconian Berserker on Oct 7, 2017.
             Was a High Priest of Trog.
             Mangled by an iron troll (13 damage)
             ... summoned by the player character
             ... in the Dungeon (Sprint III: "The Ten Rune Challenge").
             The game lasted 00:24:47 (4818 turns).

Kidiri the Warrior (Black Draconian Berserker)      Turns: 4818, Time: 00:24:47

Health: -9/130     AC: 15    Str: 24    XL:     12   Next: 92%
Magic:  1/12       EV: 22    Int: 10    God:    Trog [*****.]
Gold:   44         SH:  0    Dex: 12    Spells: 11/11 levels left

rFire    . . .     SeeInvis .   a - +0 great mace (protect)
rCold    . . .     Gourm    .   (shield currently unavailable)
rNeg     . . .     Faith    .   (armour unavailable)
rPois    .         Spirit   .   w - +0 hat {Int+3}
rElec    +         Reflect  .   (no cloak)
rCorr    .         Harm     .   (no gloves)
MR       .....     NoTele   +   (no boots)
Stlth    +.........             (no amulet)
HPRegen  0.31/turn              (no ring)
MPRegen  0.13/turn              (no ring)

@: lethally poisoned (-9 -> -35), short of breath, protection aura, berserk
cooldown, slowed, very slow
A: breathe lightning, unfitting armour, beak, hooves 1, blink, electricity
resistance, cold-blooded, MP-powered wands, AC +8
a: Breathe Lightning, Blink, Berserk, Trog's Hand, Brothers in Arms, Burn
Spellbooks, Renounce Religion


You were in the Dungeon.
You worshipped Trog.
Trog was extremely pleased with you.
You were very hungry.

You visited 1 branch You collected 44 gold pieces.

Inventory:

Hand Weapons
 a - a +0 great mace of protection (weapon)
 t - a +0 blowgun
Missiles
 b - 5 javelins of returning (quivered)
 c - 6 javelins
 n - 3 tomahawks of returning
 q - 10 javelins of penetration
 r - 6 needles of confusion
 s - 8 curare-tipped needles
 u - 18 needles of sleeping
 v - 5 silver javelins
Armour
 w - a +0 hat of intelligence (worn)
Scrolls
 h - a scroll of blinking
 j - 4 scrolls of remove curse
 k - a scroll of immolation
 l - 2 scrolls of identify
Potions
 e - 2 potions of haste
 f - 2 potions of magic
 g - 2 potions of berserk rage
 o - 3 potions of flight
 x - a potion of curing
Comestibles
 i - 6 fruits
 p - 25 royal jellies


   Skills:
 * Level 19.1 Fighting
 * Level 17.7 Maces & Flails
 + Level 12.1 Throwing
 * Level 16.4 Dodging


You had 11 spell levels left.
You didn't know any spells.

Dungeon Overview and Level Annotations

Branches:
Dungeon (1/1)

Altars:
Cheibriados
Dithmenos
Elyvilon
Fedhas
Gozag
Hepliaklqana
Kikubaaqudgha
Makhleb
Nemelex Xobeh
Okawaru
Qazlal
Ru
Sif Muna
Trog
Uskayaw
Vehumet
Wu Jian
Xom
Yredelemnul
Zin
The Shining One
Beogh
Jiyva
Lugonu

Shops:
D !:(

Annotations:
D exclusions: 4 doors and 1 more exclusion, Ilsuiw


Innate Abilities, Weirdness & Mutations

You can breathe wild blasts of lightning.
Your glossy black scales are hard. (AC +8)
You cannot fit into any form of body armour.
You are resistant to electric shocks. (rElec)
You are cold-blooded and may be slowed by cold attacks.
You have a beak for a mouth.
You have large cloven feet.
You can translocate small distances at will.
You expend magic power (3 MP) to strengthen your wands.


Message History

Unknown command.
Unknown command.
Unknown command.
You breathe a wild blast of lightning!
The zap hits your iron troll.
Your iron troll is lightly wounded.
The zap hits the iron troll.
The iron troll is lightly wounded.
The zap hits you! x2; You resist. The zap misses you. The zap hits you!
You resist.
* * * LOW HITPOINT WARNING * * *
You feel somewhat more hungry.
You feel very sick.
The iron troll completely misses you. x2; The iron troll claws you!!
* * * LOW HITPOINT WARNING * * *
Something barely misses you. Something hits you but does no damage.
Something barely misses you.
Something stings you but does no damage.
The iron troll bites you but does no damage.
The iron troll claws you!
You die...

.....#.≈♣♣♣♣♣♣♣♣♣♣♣♣♣♣♣♣PP##.#.#.
♣♣♣♣♣#..♣♣ ♣♣♣##+####
###'♣♣♣♣♣♣♣♣♣♣♣♣♣♣♣ #.).+ ♣
♣♣♣♣.##..##≈≈≈≈≈≈..# #...# ♣♣
♣...##.##.#≈≈≈≈≈...# #.).# +♣
♣♣.##.##)##'≈≈≈≈≈####+##### .♣
♣.)#.##...#≈≈.....§)§# ##♣♣
♣♣.##.##..#≈..+####### ...♣
♣♣.##.#####@.(#)))...# )..♣
♣.....##(((T.(#♣♣♣._.# ####
########(###### ##### ♣♣
▓)†≈≈≈≈≈≈ .♣ ▓≈≈≈≈≈≈≈≈ .♣♣
▓≈≈≈{.≈≈≈ ♣≈♣ ▓≈≈...†≈≈ .♣♣
▓≈≈≈..≈≈≈ .♣♣ ▓≈≈≈≈≈≈≈≈


You could see an iron troll (berserk).

Vanquished Creatures
  Rupert (D)
  Polyphemus (D)
  2 dire elephants (D)
  Snorg (D)
  A merfolk javelineer (D)
  A centaur warrior (D)
  3 death yaks (D)
  Urug (D)
  A death drake (D)
  A sea snake (D)
  A spriggan druid (D)
  3 swamp dragons (D)
  An unseen horror (D)
  A lindwurm (D)
  A deep elf mage (D)
  2 spiny frogs (D)
  A komodo dragon (D)
  A rime drake (D)
  3 wandering mushrooms (D)
  A queen bee (D)
  2 tyrant leeches (D)
  5 blink frogs (D)
  3 dream sheep (D)
  A shadow (D)
  2 spriggans (D)
  3 redbacks (D)
  A spatial vortex (D)
  3 swamp drakes (D)
  A necrophage (D)
  2 centaurs (D)
  An earth elemental (D)
  A water elemental (D)
  25 killer bees (D)
  A jelly (D)
  A wizard (D)
  A necromancer (D)
  A kobold demonologist (D)
  3 humans (D)
  A wolf (D)
  4 rats (D)
  11 plants (D)
101 creatures vanquished.

Vanquished Creatures (collateral kills)
  Sigmund (D)
  Gastronok (D)
  A death yak (D)
  2 elephants (D)
  2 black mambas (D)
  Edmund (D)
  3 blink frogs (D)
  7 killer bees (D)
18 creatures vanquished.

Vanquished Creatures (others)
  2 draconian scorchers (D)
  2 hydras (D)
  6 hellions (D)
  3 yaktaurs (D)
  An electric eel (D)
  2 orc priests (D)
  11 plants (D)
27 creatures vanquished.

Grand Total: 146 creatures vanquished

Notes
Turn   | Place    | Note
-------+----------+-------------------------------------------
     0 | D        | Kidiri the Draconian Berserker began the quest for the Orb.
     0 | D        | Reached XP level 1. HP: 19/19 MP: 1/1
    34 | D        | Reached ** piety under Trog
    50 | D        | Noticed a wolf
    57 | D        | Killed a wolf
    57 | D        | Reached skill level 4 in Fighting
    57 | D        | Reached skill level 1 in Throwing
    57 | D        | Reached XP level 2. HP: 28/28 MP: 2/2
    67 | D        | Reached XP level 3. HP: 19/35 MP: 3/3
   106 | D        | Killed a hellion
   108 | D        | Killed a hellion
   109 | D        | Killed a hellion
   110 | D        | Killed a hellion
   135 | D        | Killed a hellion
   153 | D        | Killed a hellion
   197 | D        | Killed a white draconian scorcher
   214 | D        | Killed a yaktaur
   234 | D        | Killed a white draconian scorcher
   365 | D        | Gained mutation: You are weak. (Str -2) [potion of mutation]
   365 | D        | Gained mutation: You can translocate small distances at will. [potion of mutation]
   365 | D        | Gained mutation: You have large cloven feet. [potion of mutation]
   366 | D        | Lost mutation: You are weak. (Str -2) [potion of mutation]
   366 | D        | Lost mutation: You have large cloven feet. [potion of mutation]
   366 | D        | Gained mutation: Your body sometimes deteriorates upon taking damage. [potion of mutation]
   366 | D        | Gained mutation: Your tail ends in a poisonous barb. [potion of mutation]
   366 | D        | Gained mutation: Potions are less effective at restoring your health. [potion of mutation]
   366 | D        | Gained mutation: Your tail ends in a sharp poisonous barb. [potion of mutation]
   367 | D        | Lost mutation: Potions are less effective at restoring your health. [potion of mutation]
   367 | D        | Lost mutation: Your body sometimes deteriorates upon taking damage. [potion of mutation]
   367 | D        | Lost mutation: Your tail ends in a sharp poisonous barb. [potion of mutation]
   367 | D        | Lost mutation: Your tail ends in a poisonous barb. [potion of mutation]
   367 | D        | Gained mutation: You expend magic power (3 MP) to strengthen your wands. [potion of mutation]
   367 | D        | Gained mutation: You have a beak for a mouth. [potion of mutation]
   367 | D        | Gained mutation: You have large cloven feet. [potion of mutation]
   392 | D        | Noticed a water elemental
   396 | D        | Killed a water elemental
   396 | D        | Reached *** piety under Trog
   396 | D        | Reached skill level 6 in Fighting
   396 | D        | Reached skill level 5 in Maces & Flails
   396 | D        | Reached skill level 5 in Dodging
   396 | D        | Reached XP level 4. HP: 41/44 MP: 4/4
   556 | D        | Found a radiant altar of Vehumet.
   557 | D        | Found a deep blue altar of Sif Muna.
   557 | D        | Found an ancient bone altar of Kikubaaqudgha.
   557 | D        | Noticed a wizard
   558 | D        | Killed a wizard
   558 | D        | Reached **** piety under Trog
   565 | D        | Reached XP level 5. HP: 51/51 MP: 5/5
   598 | D        | Found a glowing silver altar of Zin.
   599 | D        | Found a glowing golden altar of the Shining One.
   599 | D        | Found a white marble altar of Elyvilon.
   599 | D        | Noticed a deep elf mage
   604 | D        | Killed a deep elf mage
   604 | D        | Received a gift from Trog
   604 | D        | Reached skill level 9 in Fighting
   604 | D        | Reached skill level 5 in Throwing
   604 | D        | Reached XP level 6. HP: 64/64 MP: 6/6
   604 | D        | Your scales start taking on a glossy black colour.
   604 | D        | Reached XP level 7. HP: 70/70 MP: 7/7
   604 | D        | Gained mutation: You are resistant to electric shocks. (rElec) [Black Draconian growth]
   646 | D        | Found an ornate altar of the Wu Jian Council.
   646 | D        | Found a roughly hewn altar of Beogh.
   646 | D        | Found an iron altar of Okawaru.
   646 | D        | Found a bloodstained altar of Trog.
   646 | D        | Found a hide-covered altar of Uskayaw.
   646 | D        | Noticed a human
   646 | D        | Noticed a human
   650 | D        | Killed a human
   650 | D        | Reached skill level 10 in Fighting
   653 | D        | Killed a human
   653 | D        | Reached ***** piety under Trog
   728 | D        | Found a basalt altar of Yredelemnul.
   728 | D        | Found a shadowy altar of Dithmenos.
   728 | D        | Found a sacrificial altar of Ru.
   795 | D        | Noticed a shadow
   801 | D        | Killed a shadow
   801 | D        | Reached skill level 10 in Maces & Flails
   801 | D        | Reached XP level 8. HP: 81/81 MP: 8/8
   862 | D        | Found a blossoming altar of Fedhas.
   862 | D        | Found a stormy altar of Qazlal.
   862 | D        | Found a snail-covered altar of Cheibriados.
   862 | D        | Found a burning altar of Makhleb.
   862 | D        | Found a shimmering altar of Xom.
   863 | D        | Found a hazy altar of Hepliaklqana.
   863 | D        | Found an opulent altar of Gozag.
   863 | D        | Found a sparkling altar of Nemelex Xobeh.
   863 | D        | Found a corrupted altar of Lugonu.
   863 | D        | Found a viscous altar of Jiyva.
   875 | D        | Received a gift from Trog
   875 | D        | Reached skill level 11 in Fighting
  1012 | D        | Noticed Snorg
  1023 | D        | Killed Snorg
  1023 | D        | Reached skill level 12 in Fighting
  1023 | D        | Reached skill level 10 in Dodging
  1180 | D        | Killed a yaktaur
  1196 | D        | Reached XP level 9. HP: 90/90 MP: 9/9
  1274 | D        | Noticed a centaur warrior
  1278 | D        | Killed a centaur warrior
  1354 | D        | Killed an unseen horror
  1354 | D        | Reached skill level 13 in Fighting
  1416 | D        | Noticed a queen bee
  1436 | D        | Killed a queen bee
  1440 | D        | Reached ****** piety under Trog
  1451 | D        | Reached XP level 10. HP: 102/102 MP: 10/10
  1453 | D        | Received a gift from Trog
  1484 | D        | Received a gift from Trog
  1493 | D        | Received a gift from Trog
  1500 | D        | Reached skill level 14 in Fighting
  1819 | D        | Received a gift from Trog
  1892 | D        | Noticed Sigmund
  1892 | D        | Noticed Edmund
  1897 | D        | Killed Sigmund
  1897 | D        | Received a gift from Trog
  1900 | D        | Killed Edmund
  1900 | D        | Reached skill level 15 in Fighting
  1973 | D        | Killed a six-headed hydra
  2024 | D        | Received a gift from Trog
  2061 | D        | Noticed a spiny frog
  2061 | D        | Noticed a spiny frog
  2064 | D        | Killed a spiny frog
  2071 | D        | Killed a spiny frog
  2071 | D        | Reached XP level 11. HP: 107/113 MP: 11/11
  2274 | D        | Killed an eight-headed hydra
  2532 | D        | Received a gift from Trog
  2680 | D        | Noticed a lindwurm
  2684 | D        | Killed a lindwurm
  2952 | D        | Noticed Urug
  2959 | D        | Killed Urug
  2959 | D        | Reached skill level 16 in Fighting
  2959 | D        | Reached skill level 10 in Throwing
  3134 | D        | Received a gift from Trog
  3134 | D        | Reached skill level 15 in Maces & Flails
  3214 | D        | Noticed Rupert
  3235 | D        | Killed Rupert
  3598 | D        | Noticed a death yak
  3599 | D        | Noticed a death yak
  3605 | D        | Killed a death yak
  3605 | D        | Reached skill level 17 in Fighting
  3609 | D        | Noticed a death yak
  3609 | D        | Killed a death yak
  3609 | D        | Received a gift from Trog
  3610 | D        | Noticed a death yak
  3617 | D        | Killed a death yak
  3630 | D        | Killed a death yak
  3630 | D        | Reached XP level 12. HP: 19/125 MP: 12/12
  3631 | D        | Reached skill level 15 in Dodging
  3648 | D        | Noticed an azure jelly
  3648 | D        | Noticed an azure jelly
  3680 | D        | Noticed an azure jelly
  3681 | D        | Noticed an azure jelly
  3993 | D        | Received a gift from Trog
  4123 | D        | Found Fisir's Distillery.
  4123 | D        | Found Lymmuxt's Book Boutique.
  4123 | D        | Found Feneil's Antique Weapon Emporium.
  4357 | D        | Noticed a dire elephant
  4357 | D        | Noticed a dire elephant
  4357 | D        | Noticed Gastronok
  4366 | D        | Killed a dire elephant
  4366 | D        | Received a gift from Trog
  4367 | D        | Reached skill level 18 in Fighting
  4371 | D        | Received a gift from Trog
  4372 | D        | Killed a dire elephant
  4375 | D        | Killed Gastronok
  4375 | D        | Received a gift from Trog
  4375 | D        | Received a gift from Trog
  4665 | D        | Found a blossoming altar of Fedhas.
  4788 | D        | Noticed Polyphemus
  4802 | D        | Killed Polyphemus
  4803 | D        | Received a gift from Trog
  4806 | D        | Noticed a merfolk javelineer
  4806 | D        | Noticed Ilsuiw
  4808 | D        | Killed a merfolk javelineer
  4808 | D        | Received a gift from Trog
  4808 | D        | Reached skill level 19 in Fighting
  4818 | D        | HP: 4/130 [iron troll[the player character] (27)]
  4818 | D        | Mangled by an iron troll

Vault maps used:
D:        dungeon_sprint_mu

Skill      XL: |  1  2  3  4  5  6  7  8  9 10 11 12 |
---------------+-------------------------------------+-----
Dodging        | 3 4 5 7 9 10 11 13 14 16 | 16.4
Fighting       | 4 6 9 10 12 13 15 17 19 | 19.1
Maces & Flails | 4 5 6 8 10 11 12 14 16 17 | 17.7
Throwing       | 1 2 3 5 6 7 8 9 11 12 | 12.1

Action                   |  1- 3 |  4- 6 |  7- 9 | 10-12 || total
-------------------------+-------+-------+-------+-------++-------
Melee: Mace              |    27 |     9 |    67 |    42 ||   145
       Tailslap          |     4 |     1 |     6 |    50 ||    61
       Peck              |     1 |     2 |    14 |    58 ||    75
       Kick              |       |     2 |    18 |    85 ||   105
       Great mace        |       |       |       |   186 ||   186
       Dire flail        |       |       |       |     8 ||     8
       Halberd           |       |       |       |     2 ||     2
Throw: Tomahawk          |       |       |       |    18 ||    18
       Javelin           |       |       |       |     4 ||     4
Invok: Berserk           |     2 |     2 |     6 |     9 ||    19
       Burn Spellbooks   |       |     1 |       |       ||     1
       Trog's Hand       |       |     1 |       |     1 ||     2
       Brothers in Arms  |       |       |     1 |     9 ||    10
 Abil: Breathe Lightning |       |       |     7 |     6 ||    13
       Blink             |       |       |       |     1 ||     1
  Use: Potion            |     3 |       |       |     4 ||     7
       Scroll            |     2 |       |       |       ||     2
 Stab: Sleeping          |     1 |       |       |       ||     1
  Eat: Chunk             |       |     2 |     6 |    12 ||    20
       Fruit             |       |       |     4 |       ||     4
       Royal jelly       |       |       |       |     4 ||     4
       Bread ration      |       |       |       |     1 ||     1
Armor: Skin              |     1 |     1 |    11 |    35 ||    48
Dodge: Dodged            |    11 |     1 |    55 |   201 ||   268

Table legend:
 A = Spawn XP
 B = Non-spawn XP
 C = Spawn XP percentage of total XP
 D = Spawn monster count
 E = Non-spawn monster count
 F = Spawn count percentage of total count
 G = Total turns spent on level
                    A         B        C        D         E        F      G
               +---------+---------+-------+---------+---------+-------+---------
         Total |       0 |   36847 |   0.0 |       0 |     108 |   0.0 |  4818
               +---------+---------+-------+---------+---------+-------+---------
             D |       0 |   36847 |   0.0 |       0 |     108 |   0.0 |  4818
               +---------+---------+-------+---------+---------+-------+---------
